 Dungeon Crawl Stone Soup version 0.27-a0-1196-g3e9cee4cb2 (webtiles) character file.

Game seed: 17856925443477027336

252 bande the Shield-Bearer (level 6, -1/38 HPs)
             Began as a Gargoyle Fighter on May 30, 2021.
             Slain by Duvessa
             ... wielding a +0 short sword
              (4 damage)
             ... on level 4 of the Dungeon.
             The game lasted 00:06:33 (2909 turns).

bande the Shield-Bearer (Gargoyle Fighter)          Turns: 2909, Time: 00:06:33

Health: -1/38      AC: 13    Str: 20    XL:     6   Next: 13%
Magic:  6/6        EV:  8    Int:  9    God:
Gold:   93         SH:  0    Dex: 10    Spells: 5/5 levels left

rFire    . . .     SeeInvis .   a - +1 war axe
rCold    . . .     Faith    .   c - +1 kite shield
rNeg     + . .     Spirit   .   b - +0 scale mail
rPois    ∞         Reflect  .   m - +0 helmet
rElec    +         Harm     .   (no cloak)
rCorr    .         Rampage  .   k - +0 pair of gloves
Will     .....                  (no boots)
Stlth    ..........             (no amulet)
HPRegen  0.12/turn              (no ring)
MPRegen  0.10/turn              (no ring)

@: confused, mighty, ambrosia-drunk
A: sickness immunity, AC +4, negative energy resistance 1, electricity
resistance, torment resistance 1, petrification resistance
a: no special abilities


You were on level 4 of the Dungeon.
You visited 1 branch of the dungeon, and saw 4 of its levels.

You collected 93 gold pieces.

Inventory:

Hand Weapons
 a - a +1 war axe (weapon)
Armour
 b - a +0 scale mail (worn)
 c - a +1 kite shield (worn)
 k - a +0 pair of gloves (worn)
 m - a +0 helmet (worn)
Jewellery
 n - an amulet of the acrobat
Scrolls
 f - a scroll of identify
 g - a scroll of enchant armour
Potions
 h - a potion of lignification {unknown}
 i - a potion of cancellation
 j - a potion of resistance {unknown}
 l - a potion of haste {unknown}
 o - a potion of curing {unknown}


   Skills:
 + Level 4.0 Fighting
 + Level 3.2 Axes
 + Level 4.3 Armour
 + Level 0.8 Dodging
 + Level 5.0 Shields


You had 5 spell levels left.
You didn't know any spells.
Your spell library was empty.

Dungeon Overview and Level Annotations

Branches:
Dungeon (4/15)
 Temple: D:4-7

Altars:
Gozag
Makhleb
Xom
Zin

Annotations:
D:4 2 runed translucent doors, Duvessa


Innate Abilities, Weirdness & Mutations

You are immune to sickness and miasma.
Your stone body is resilient. (AC +4)
You are immune to poison.
You resist negative energy. (rN+)
You are resistant to electric shocks. (rElec)
You are resistant to unholy torment.
You are immune to petrification.


Message History

You block Duvessa's attack. Duvessa hits you but does no damage.
You hit Duvessa.
Duvessa is moderately wounded.
Duvessa closely misses you.
Dowan casts a spell.
Dowan blinks!
You barely miss Duvessa.
Duvessa is moderately wounded.
Duvessa closely misses you. You block Duvessa's attack.
Unknown command.
You feel very mighty all of a sudden.
Dowan hits you with a +3 dagger of electrocution.
Duvessa hits you but does no damage.
You slash Dowan!
Dowan is moderately wounded.
You slash Duvessa!
Dowan hits you with a +3 dagger of electrocution.
You block Duvessa's attack. Dowan casts a spell at you.
The puff of flame hits you but does no damage.
You slash Dowan!
You kill Dowan!
Duvessa screams, "No!
How DARE you!"
Duvessa goes berserk!
You slash Duvessa! Duvessa hits you with a +0 short sword!
Duvessa hits you with a +0 short sword.
* * * LOW HITPOINT WARNING * * *
Duvessa hits you but does no damage.
Your Shields skill increases to level 5!
You have reached level 6!
Your experience leads to an increase in your attributes!
Increase (S)trength, (I)ntelligence, or (D)exterity?
You feel stronger.
You are confused.
You feel invigorated.
You hear the slow hiss of an avalanche of sand very nearby.
Duvessa hits you but does no damage.
You bump into the rock wall.
Duvessa hits you with a +0 short sword!
* * * LOW HITPOINT WARNING * * *
Duvessa hits you with a +0 short sword.
You die...

###.._..#
###.#.#
#...#
##.## #.#
#.# #.#
#e# #@#
#)# #..
####


You could see Duvessa (berserk).

Vanquished Creatures
  Dowan (D:4)
  A howler monkey (D:3)
  A hound (D:4)
  Terence (D:2)
  3 adders (D:3)
  A gnoll (D:1)
  A worm (D:2)
  2 dart slugs
  5 endoplasms
  2 giant cockroaches (D:1)
  5 goblins
  6 hobgoblins
  5 jackals (D:1)
  9 kobolds
  4 quokkas
  7 ball pythons
  6 bats
  3 frilled lizards
  4 rats
67 creatures vanquished.

Notes
Turn   | Place    | Note
-------+----------+-------------------------------------------
     0 | D:1      | bande the Gargoyle Fighter began the quest for the Orb.
     0 | D:1      | Reached XP level 1. HP: 14/14 MP: 1/1
   169 | D:1      | Reached XP level 2. HP: 19/19 MP: 2/2
   245 | D:1      | Found a faded altar of an unknown god.
   256 | D:1      | Reached XP level 3. HP: 23/23 MP: 3/3
  1164 | D:2      | Reached XP level 4. HP: 29/29 MP: 4/4
  1238 | D:2      | Noticed Terence
  1249 | D:2      | Killed Terence
  1250 | D:2      | Reached skill level 4 in Shields
  1913 | D:3      | Reached XP level 5. HP: 19/33 MP: 5/5
  2646 | D:3      | Found an opulent altar of Gozag.
  2648 | D:3      | Found a shimmering altar of Xom.
  2648 | D:3      | Found a burning altar of Makhleb.
  2845 | D:4      | Found a large runed translucent door.
  2845 | D:4      | Found a large runed translucent door.
  2874 | D:4      | Found a glowing silver altar of Zin.
  2887 | D:4      | Noticed Duvessa
  2888 | D:4      | Noticed Dowan
  2907 | D:4      | Killed Dowan
  2908 | D:4      | Reached skill level 5 in Shields
  2908 | D:4      | Reached XP level 6. HP: 6/38 MP: 6/6
  2909 | D:4      | Slain by Duvessa

Illustrated notes

Levels and vault maps discovered:
D:1:      amcnicky_arrival_wind_blow, layout_loops_cross,
          basic_ecumenical_altar, chequers_serial_rivers_small_3,
          minmay_distorted
D:2:      layout_basic, uniq_terence
D:3:      layout_basic, minitemple
D:4:      layout_basic, lemuel_crystal_altar, jmf_multi_god_temple2,
          enter_ossuary_3, minmay_manual_mandibuliform, uniq_duvessa

Skill      XL: |  1  2  3  4  5 |
---------------+----------------+-----
Axes           | 2 3 |  3.2
Shields        | 4 5 |  5.0
Armour         | 4 |  4.3
Fighting       | 4 |  4.0
Dodging        | |  0.8

Action                   |  1- 3 |  4- 6 || total
-------------------------+-------+-------++-------
Melee: War axe           |   107 |   131 ||   238
  Use: Scroll            |       |     8 ||     8
       Potion            |       |     2 ||     2
Armor: Scale mail        |    62 |    72 ||   134
Dodge: Dodged            |    39 |    38 ||    77
Block: Kite shield       |    60 |    91 ||   151

Table legend: (Time is in decaauts)
 A = Elapsed time spent in this place.
 B = Non-inter-level travel time spent in this place.
 C = Inter-level travel time spent in this place.
 D = Time resting spent in this place.
 E = Time spent auto-exploring this place.
 F = Levels seen in this place.
 G = Mean time per level.
                   A        B        C        D        E       F      G
               +--------+--------+--------+--------+--------+-----+--------+
         Total |   3053 |   3041 |     12 |    329 |   2012 |   4 |  763.2 |
       Dungeon |   3053 |   3041 |     12 |    329 |   2012 |   4 |  763.2 |
               +--------+--------+--------+--------+--------+-----+--------+

Top non-repeatable levels by time:
     D:3: 1126 daAuts
     D:1: 1106 daAuts
     D:2: 720 daAuts
     D:4: 100 daAuts
